 Dungeon Sprint DCSS version 0.17-a0-1646-geb1493d (webtiles) character file.

1579 Kidiri the Covert (level 8, -29/36 HPs)
             Began as a Spriggan Enchanter on Aug 11, 2015.
             Was a Priest of Dithmenos.
             Annihilated by Erolcha
             ... wielding a cursed +0 giant club
              (33 damage)
             ... while paralysed by Erolcha
             ... in the Dungeon (Sprint III: "The Ten Rune Challenge").
             The game lasted 00:06:16 (729 turns).

Kidiri the Covert (Spriggan Enchanter)               Turns: 729, Time: 00:06:16

Health: -29/36     AC:  5    Str:  4    XL:     8   Next: 60%
Magic:  14/23      EV:  4    Int: 17    God:    Dithmenos [***...]
Gold:   43         SH:  0    Dex: 20    Spells: 8 memorised, 4 levels left

rFire  . . .     SeeInvis +     a - +1 dagger
rCold  + + .     Clarity  .     b - +1 robe
rNeg   . . .     SustAt   .     (shield restricted)
rPois  .         Gourm    .     (helmet restricted)
rElec  .         Spirit   .     (no cloak)
rCorr  .         Warding  .     (gloves unavailable)
rMut   .         NoTele   +     (boots unavailable)
MR     +....                    (no amulet)
Stlth  +++++++++.               (no ring)
                                (no ring)

@: paralysed, wreathed by umbra, very quick, somewhat resistant to hostile
enchantments, incredibly stealthy
A: unfitting armour, large bone plates 1, see invisible, agile 1, cold
resistance 2, herbivore 3, speed 3, sense surroundings 1, slow metabolism 2
a: Shadow Step, Renounce Religion


You were in the Dungeon.
You worshipped Dithmenos.
Dithmenos was most pleased with you.
You were not hungry.

You visited 1 branch You collected 43 gold pieces.

Inventory:

Hand weapons
 a - a +1 dagger (weapon)
Armour
 b - a +1 robe (worn)
Scrolls
 j - a scroll of blinking
 o - a scroll of recharging
 r - a scroll of remove curse
Potions
 c - a potion of might
 e - 3 potions of curing
 f - a potion of heal wounds
 g - a potion of haste
 h - 3 potions of magic
 i - 2 potions of berserk rage
 p - a potion of ambrosia {unknown}
 q - a potion of flight {unknown}
Books
 k - a book of the Warp

   Spells                             Type                      Level
   a - Recall                         Summoning/Translocation      3
   b - Gell's Gravitas                Hexes/Translocation          3
   c - Force Lance                    Conjuration/Translocation    4
   d - Phase Shift                    Translocation                5
   e - Warp Weapon                    Charms/Translocation         5
   f - Summon Forest                  Summoning/Translocation      5
 l - a book of the Earth

   Spells                             Type                      Level
   a - Leda's Liquefaction            Hexes/Earth                  4
   b - Bolt of Magma                  Conjuration/Fire/Earth       5
   c - Statue Form                    Transmutation/Earth          6
   d - Iron Shot                      Conjuration/Earth            6
   e - Shatter                        Earth                        9
Comestibles
 d - a bread ration
 s - 2 royal jellies


   Skills:
 + Level 6.7 Short Blades
 * Level 12.3 Dodging
 * Level 13.4 Stealth
 * Level 10.5 Spellcasting
 + Level 4.0 Conjurations
 + Level 8.1 Hexes
 + Level 2.7 Translocations
 + Level 4.5 Ice Magic
 + Level 4.0 Invocations


You had 4 spell levels left.
You knew the following spells:

 Your Spells              Type           Power        Failure   Level  Hunger
a - Corona                Hex            #####..      1%          1    None
b - Ensorcelled Hibernat  Hex/Ice        ####..       1%          2    None
c - Confuse               Hex            #####...     1%          3    None
d - Tukima's Dance        Hex            #####...     1%          3    None
e - Dazzling Spray        Conj/Hex       ####....     1%          3    None
f - Gell's Gravitas       Hex/Tloc       ####......   2%          3    None
g - Force Lance           Conj/Tloc      ###.....     21%         4    ###....
h - Phase Shift           Tloc           ###.......   82%         5    #####..


Dungeon Overview and Level Annotations

Branches:
Dungeon (1/1)

Altars:
Cheibriados
Dithmenos
Elyvilon
Fedhas
Gozag
Kikubaaqudgha
Makhleb
Nemelex Xobeh
Okawaru
Qazlal
Ru
Sif Muna
Trog
Vehumet
Xom
Yredelemnul
Zin
The Shining One
Jiyva
Lugonu

Annotations:
D Erolcha


Innate Abilities, Weirdness & Mutations

You are tiny and cannot use many weapons and most armour.
You have supernaturally acute eyesight.
You are a herbivore.
You cover ground extremely quickly.
You need consume almost no food.
You are partially covered in large bone plates (AC +2, SH +2).
You are agile. (Dex +2)
Your flesh is very cold resistant.
You passively map a small area around you.


Message History

Casting: Ensorcelled Hibernation
Confirm with . or Enter, or press ? or * to list all spells.
Aiming: Ensorcelled Hibernation
Press: ? - help, Shift-Dir - straight line, f/p - Erolcha
Aim: Erolcha, wielding a giant club and wearing a runed robe (black smoke, lightly wounded, umbra, chance to defeat MR: 25%) Erolcha resists with almost no effort.
Casting: Ensorcelled Hibernation
Confirm with . or Enter, or press ? or * to list all spells.
Aiming: Ensorcelled Hibernation
Press: ? - help, Shift-Dir - straight line, f/p - Erolcha
Aim: Erolcha, wielding a giant club and wearing a runed robe (black smoke, lightly wounded, umbra, chance to defeat MR: 25%) Erolcha resists with almost no effort.
Erolcha casts a spell at you.
You suddenly lose the ability to move!
Erolcha hits you with a giant club!
* * * LOW HITPOINT WARNING * * *
Erolcha roars.
Erolcha hits you with a giant club!!
Ouch! That really hurt!
You die...

+##, ** ≈ ..# , ∩,*, , ≈ ≈
* ..# , * * + * #'# , * **
** * *
..#+#####################*
*
..#....#.#.#...).#..(.§(+
..##.#))#.##.###)#§((§..#
≈
..'##)#.#.##.#..##§^....#
≈
..#...#..#..##..@O§.(...#
≈ ≈
▓▓▓▓▓▓▓▓▓▓▓▓▓▓▓▓#..§(...#
, ≈≈ ,#.......# ≈≈ ≈
+(......# * * * #.......#
*##+###### *** * * * , ≈ ≈
, * , ,


You could see Erolcha.

Vanquished Creatures
  A deep elf priest (D)
  A redback (D)
  A shadow (D)
  2 hill giants (D)
  A spatial vortex (D)
  A necrophage (D)
  3 two-headed ogres (D)
  A water elemental (D)
  A jelly (D)
  Jessica (D)
  A wizard (D)
  A necromancer (D)
  3 humans (D)
  A kobold demonologist (D)
  An ooze (D)
  A phantom (D)
  2 rats (D)
23 creatures vanquished.

Vanquished Creatures (others)
  2 draconian scorchers (D)
  A yaktaur (D)
  A plant (D)
4 creatures vanquished.

Grand Total: 27 creatures vanquished

Notes
Turn   | Place    | Note
--------------------------------------------------------------
     0 | D        | Kidiri the Spriggan Enchanter began the quest for the Orb.
     0 | D        | Reached XP level 1. HP: 9/9 MP: 5/5
     9 | D        | Reached skill level 5 in Stealth
    31 | D        | Noticed Jessica
    36 | D        | Killed Jessica
    36 | D        | Reached skill level 5 in Dodging
    36 | D        | Reached skill level 6 in Stealth
    36 | D        | Reached XP level 2. HP: 13/13 MP: 5/8
    36 | D        | Reached XP level 3. HP: 16/16 MP: 6/10
    40 | D        | Learned a level 2 spell: Ensorcelled Hibernation
    44 | D        | Learned a level 3 spell: Confuse
    48 | D        | Learned a level 3 spell: Tukima's Dance
    81 | D        | Reached skill level 5 in Spellcasting
    98 | D        | Learned a level 3 spell: Dazzling Spray
   112 | D        | Gained mutation: You are partially covered in large bone plates (AC +2, SH +2). [potion of mutation]
   112 | D        | Gained mutation: Your flesh is cold resistant. [potion of mutation]
   113 | D        | Gained mutation: You are agile. (Dex +2) [potion of mutation]
   113 | D        | Gained mutation: You passively map a small area around you. [potion of mutation]
   113 | D        | Gained mutation: Your flesh is very cold resistant. [potion of mutation]
   220 | D        | Noticed a water elemental
   223 | D        | Killed a water elemental
   223 | D        | Reached skill level 7 in Dodging
   223 | D        | Reached skill level 8 in Stealth
   223 | D        | Reached skill level 1 in Conjurations
   223 | D        | Reached skill level 5 in Hexes
   223 | D        | Reached skill level 1 in Ice Magic
   223 | D        | Reached XP level 4. HP: 21/21 MP: 11/13
   243 | D        | Noticed a jelly
   244 | D        | Noticed a shadow
   250 | D        | Killed a jelly
   250 | D        | Reached XP level 5. HP: 24/24 MP: 8/14
   252 | D        | Killed a white draconian scorcher
   253 | D        | Killed a shadow
   253 | D        | Reached skill level 9 in Dodging
   253 | D        | Reached XP level 6. HP: 28/28 MP: 8/17
   276 | D        | Killed a white draconian scorcher
   310 | D        | Found a stormy altar of Qazlal.
   311 | D        | Noticed a spatial vortex
   311 | D        | Killed a spatial vortex
   311 | D        | Reached skill level 10 in Stealth
   312 | D        | Found a sacrificial altar of Ru.
   312 | D        | Found a burning altar of Makhleb.
   312 | D        | Found a viscous altar of Jiyva.
   312 | D        | Found a shimmering altar of Xom.
   312 | D        | Found a shadowy altar of Dithmenos.
   312 | D        | Found a sparkling altar of Nemelex Xobeh.
   312 | D        | Found a corrupted altar of Lugonu.
   312 | D        | Found an opulent altar of Gozag.
   316 | D        | Became a worshipper of Dithmenos the Shadowed
   341 | D        | Found a radiant altar of Vehumet.
   342 | D        | Found a deep blue altar of Sif Muna.
   342 | D        | Found an ancient bone altar of Kikubaaqudgha.
   342 | D        | Noticed a wizard
   343 | D        | Killed a wizard
   343 | D        | Reached skill level 5 in Short Blades
   345 | D        | Reached skill level 1 in Invocations
   364 | D        | Learned a level 3 spell: Gell's Gravitas
   369 | D        | Learned a level 4 spell: Force Lance
   377 | D        | Found a glowing silver altar of Zin.
   378 | D        | Found a glowing golden altar of the Shining One.
   378 | D        | Found a white marble altar of Elyvilon.
   378 | D        | Noticed a deep elf priest
   380 | D        | Killed a deep elf priest
   380 | D        | Reached skill level 10 in Dodging
   380 | D        | Reached skill level 11 in Stealth
   380 | D        | Reached XP level 7. HP: 32/32 MP: 18/20
   392 | D        | Found an iron altar of Okawaru.
   393 | D        | Found a bloodstained altar of Trog.
   393 | D        | Noticed a human
   393 | D        | Noticed a human
   395 | D        | Killed a human
   395 | D        | Reached skill level 12 in Stealth
   396 | D        | Killed a human
   411 | D        | Found a basalt altar of Yredelemnul.
   411 | D        | Found a snail-covered altar of Cheibriados.
   411 | D        | Found a blossoming altar of Fedhas.
   411 | D        | Noticed a necrophage
   411 | D        | Noticed a necromancer
   413 | D        | Killed a necrophage
   413 | D        | Acquired Dithmenos's first power
   414 | D        | Killed a necromancer
   435 | D        | Noticed a two-headed ogre
   435 | D        | Noticed a two-headed ogre
   440 | D        | Killed a two-headed ogre
   440 | D        | Reached XP level 8. HP: 36/36 MP: 19/22
   446 | D        | Killed a two-headed ogre
   451 | D        | Noticed a two-headed ogre
   454 | D        | Killed a two-headed ogre
   454 | D        | Reached skill level 10 in Spellcasting
   462 | D        | Learned a level 5 spell: Phase Shift
   646 | D        | Noticed a hill giant
   646 | D        | Noticed a hill giant
   646 | D        | Noticed Erolcha
   657 | D        | Killed a hill giant
   657 | D        | Acquired Dithmenos's second power
   657 | D        | Reached skill level 13 in Stealth
   657 | D        | Reached skill level 1 in Translocations
   669 | D        | Killed a hill giant
   704 | D        | Killed a yaktaur
   711 | D        | Noticed a redback
   723 | D        | Killed a redback
   727 | D        | Paralysed by Erolcha for 5 turns
   729 | D        | Annihilated by Erolcha

Vault maps used:
D:        dungeon_sprint_mu

Action                   |  1- 3 |  4- 6 |  7- 9 || total
-------------------------+-------+-------+-------++-------
Melee: Dagger            |    13 |     6 |    12 ||    31
 Cast: Confuse           |     1 |     1 |       ||     2
       Ensorcelled Hiber |       |     1 |    15 ||    16
       Dazzling Spray    |       |       |     1 ||     1
  Use: Scroll            |     3 |       |     1 ||     4
       Potion            |     3 |       |       ||     3
 Stab: Sleeping          |     5 |     5 |     9 ||    19
       Confused          |     1 |     1 |       ||     2
       Invisible         |       |       |     1 ||     1
